 Dungeon Crawl Stone Soup version 0.21-a0-496-g696f58f (webtiles) character file.

690 Gildeon the Firebug (level 7, 0/36 HPs)
             Began as a Deep Elf Fire Elementalist on Nov 23, 2017.
             Was an Initiate of Makhleb.
             Slain by an iguana (12 damage)
             ... on level 5 of the Dungeon.
             The game lasted 00:35:30 (5313 turns).

Gildeon the Firebug (Deep Elf Fire Elementalist)    Turns: 5313, Time: 00:35:31

Health: 0/36       AC:  3    Str:  7    XL:     7   Next: 36%
Magic:  16/16      EV: 14    Int: 24    God:    Makhleb [......]
Gold:   188        SH:  0    Dex: 17    Spells: 3/16 levels left

rFire    . . .     SeeInvis .   i - +3 short sword (elec)
rCold    . . .     Gourm    .   (no shield)
rNeg     . . .     Faith    .   w - +0 robe (curse)
rPois    .         Spirit   .   (helmet restricted)
rElec    .         Reflect  .   A - +0 cloak
rCorr    .         Harm     .   (no gloves)
MR       +....                  (no boots)
Stlth    +++.......             (no amulet)
HPRegen  0.12/turn              h - +2 ring of intelligence
MPRegen  0.15/turn              n - ring of protection from magic

@: lethally poisoned (0 -> -9)
A: antennae 1, thin skeletal structure 1, strong 1, evolution 1
a: Renounce Religion


You were on level 5 of the Dungeon.
You worshipped Makhleb.
Makhleb was noncommittal.
You were not hungry.

You visited 2 branches of the dungeon, and saw 6 of its levels.

You collected 188 gold pieces.

Inventory:

Hand Weapons
 i - a +3 short sword of electrocution (weapon)
 m - a +2 dagger of venom
 u - a +1 whip of draining
 v - a +1 dagger of speed
Armour
 l - a +2 leather armour of magic resistance
 w - a cursed +0 robe (worn)
 x - a +0 robe
 A - a +0 cloak (worn)
Jewellery
 h - a +2 ring of intelligence (left hand)
 n - a ring of protection from magic (right hand)
 p - a +5 ring of strength
Scrolls
 e - 2 scrolls of blinking
 t - 3 scrolls of teleportation
 E - 2 scrolls of amnesia
Potions
 k - 2 potions of lignification
 B - a potion of cancellation {unknown}
 C - a potion of haste {unknown}
Books
 b - a book of Flames

   Spells                             Type                      Level
   a - Flame Tongue                   Conjuration/Fire             1
   b - Throw Flame                    Conjuration/Fire             2
   c - Conjure Flame                  Conjuration/Fire             3
   d - Inner Flame                    Hexes/Fire                   3
   e - Sticky Flame                   Conjuration/Fire             4
   f - Fireball                       Conjuration/Fire             5
Comestibles
 a - 2 chunks of flesh
 d - 5 royal jellies
 f - 2 meat rations
 g - 7 fruits


   Skills:
 + Level 3.2 Dodging
 - Level 2.4 Stealth
 - Level 5.1 Spellcasting
 - Level 5.0 Conjurations
 - Level 5.2 Hexes
 - Level 5.2 Fire Magic


You had 3 spell levels left.
You knew the following spells:

 Your Spells              Type           Power        Failure   Level  Hunger
a - Flame Tongue          Conj/Fire      ####.        1%          1    None
b - Throw Flame           Conj/Fire      ####..       1%          2    None
c - Conjure Flame         Conj/Fire      ####....     3%          3    ##.....
d - Inner Flame           Hex/Fire       ####....     3%          3    ##.....
e - Sticky Flame          Conj/Fire      ####....     11%         4    ####...


Dungeon Overview and Level Annotations

Branches:
Dungeon (5/15)             Temple (1/1) D:4

Altars:
Gozag
Makhleb
Ru
Zin
The Shining One


Innate Abilities, Weirdness & Mutations

You have a pair of small antennae on your head.
You have a somewhat thin skeletal structure. (Dex +2, Stealth)
Your muscles are strong. (Str +2)
You evolve.


Message History

The flame tongue hits the iguana.
The iguana appears unharmed.
The iguana is almost dead.
You feel sick.
The iguana bites you but does no damage.
Casting: Flame Tongue
Confirm with . or Enter, or press ? or * to list all spells.
Aiming: Flame Tongue
Press: ? - help, Shift-Dir - straight line, f/p - iguana
Aim: an iguana (almost dead)
The flame tongue hits the iguana.
The iguana appears unharmed.
The iguana is almost dead.
You feel sick. The iguana bites you!
You feel sick.
Casting: Flame Tongue
Confirm with . or Enter, or press ? or * to list all spells.
You don't have enough magic to cast that spell.
Unknown command.
You feel sick. Magic courses through your body.
You feel sick. The iguana bites you!
You die...

****,** ***,....##... *,,*
**#........ ****.######*
**#...... **,,,.......## ###....
*,,,,........# ##...
*,,,.........# #...
,,,..........# ##..
,,,..........##################..
,,,..........†.l@................
,,,..........#########...........
,,,..........# ###########.
,,,..........# ## ,,,.........##
,,,.......(.# ,,,..:......#
,,,>.......## ,,,......###


You could see an iguana.

Vanquished Creatures
  2 scorpions (D:5)
  A howler monkey (D:4)
  An orc priest (D:4)
  4 orc wizards
  Terence (D:2)
  4 worker ants
  4 gnolls (D:3)
  13 adders
  2 oozes
  3 worms
  A dart slug (D:2)
  3 leopard geckos
  20 orcs
  9 ball pythons
  3 giant cockroaches
  10 goblins
  6 hobgoblins
  4 jackals (D:3)
  7 kobolds
  A quokka (D:4)
  7 bats
  4 frilled lizards
  A quokka skeleton (D:4)
  11 rats
122 creatures vanquished.

Notes
Turn   | Place    | Note
-------+----------+-------------------------------------------
     0 | D:1      | Gildeon the Deep Elf Fire Elementalist began the quest for the Orb.
     0 | D:1      | Reached XP level 1. HP: 10/10 MP: 6/6
   158 | D:1      | Reached XP level 2. HP: 15/15 MP: 2/9
   162 | D:1      | Learned a level 2 spell: Throw Flame
  1008 | D:2      | Reached skill level 5 in Spellcasting
  1008 | D:2      | Reached XP level 3. HP: 19/19 MP: 1/11
  1017 | D:2      | Learned a level 3 spell: Conjure Flame
  1021 | D:2      | Learned a level 3 spell: Inner Flame
  1859 | D:2      | Noticed Terence
  1925 | D:2      | Killed Terence
  1925 | D:2      | Reached XP level 4. HP: 3/24 MP: 3/13
  2187 | D:2      | Learned a level 4 spell: Sticky Flame
  2878 | D:3      | Reached skill level 5 in Fire Magic
  2881 | D:3      | Reached XP level 5. HP: 25/28 MP: 7/14
  3972 | D:4      | Reached XP level 6. HP: 32/32 MP: 7/15
  4122 | D:4      | Reached skill level 5 in Conjurations
  4264 | D:4      | Reached skill level 1 in Hexes
  4405 | D:4      | Found a staircase to the Ecumenical Temple.
  4549 | D:4      | Reached XP level 7. HP: 36/36 MP: 11/16
  4733 | Temple   | Entered the Ecumenical Temple
  4753 | Temple   | Became a worshipper of Makhleb the Destroyer
  4795 | D:5      | Entered Level 5 of the Dungeon
  5216 | D:5      | Gained mutation: You evolve. [potion of mutation]
  5216 | D:5      | Gained mutation: You have a somewhat thin skeletal structure. (Dex +2, Stealth) [potion of mutation]
  5216 | D:5      | Gained mutation: You have a pair of small antennae on your head. [potion of mutation]
  5216 | D:5      | Gained mutation: Your muscles are strong. (Str +2) [potion of mutation]
  5287 | D:5      | Reached skill level 5 in Hexes
  5313 | D:5      | Slain by an iguana

Vault maps used:
D:1:      dpeg_arrival_boxes_within_box
D:2:      guppyfry_early_lair_pool, uniq_terence
D:3:      first_bread, kennysheep_doodads
D:4:      minmay_temple_entry_glass, minmay_snake_closets
D:5:      basic_altar, nicolae_ossuary_entry_monument,
          nicolae_ru_sacrificial_ziggurat
Temple:   regret_index_temple_sphere_string

Skill      XL: |  1  2  3  4  5  6  7 |
---------------+----------------------+-----
Spellcasting   | 4 5 |  5.1
Fire Magic     | 4 5 |  5.2
Conjurations   | 4 5 |  5.0
Hexes          | 3 5 |  5.2
Dodging        | 3 |  3.2
Stealth        | |  2.4

Action                   |  1- 3 |  4- 6 |  7- 9 || total
-------------------------+-------+-------+-------++-------
Melee: Short sword       |       |     3 |       ||     3
       Flail             |       |       |    93 ||    93
Throw: Throwing net      |       |       |     2 ||     2
 Cast: Flame Tongue      |    51 |   101 |    30 ||   182
       Throw Flame       |    18 |    30 |     9 ||    57
  Use: Scroll            |     6 |     4 |     4 ||    14
       Potion            |     1 |       |     6 ||     7
  Eat: Chunk             |     2 |     4 |     2 ||     8
       Bread ration      |     1 |       |     1 ||     2
Armor: Robe              |     3 |     1 |    19 ||    23
       Leather armour    |       |     3 |       ||     3
       Skin              |       |       |    22 ||    22
Dodge: Dodged            |    23 |    10 |    67 ||   100

Table legend:
 A = Spawn XP
 B = Non-spawn XP
 C = Spawn XP percentage of total XP
 D = Spawn monster count
 E = Non-spawn monster count
 F = Spawn count percentage of total count
 G = Total turns spent on level
                    A         B        C        D         E        F      G
               +---------+---------+-------+---------+---------+-------+---------
         Total |       0 |     986 |   0.0 |       0 |     122 |   0.0 |  5313
               +---------+---------+-------+---------+---------+-------+---------
           D:1 |       0 |      34 |   0.0 |       0 |      22 |   0.0 |   982
           D:2 |       0 |     101 |   0.0 |       0 |      18 |   0.0 |  1751
           D:3 |       0 |     222 |   0.0 |       0 |      44 |   0.0 |  1227
           D:4 |       0 |     412 |   0.0 |       0 |      32 |   0.0 |   941
           D:5 |       0 |     217 |   0.0 |       0 |       6 |   0.0 |   368
               +---------+---------+-------+---------+---------+-------+---------
